 Dungeon Crawl Stone Soup version 0.22-a0-480-g991dd4b (webtiles) character file.

88 KillYourself the Charlatan (level 4, -3/26 HPs)
             Began as a Gargoyle Artificer on June 16, 2018.
             Slain by Duvessa
             ... wielding a +0 short sword
              (5 damage)
             ... on level 4 of the Dungeon.
             The game lasted 00:05:33 (1999 turns).

KillYourself the Charlatan (Gargoyle Artificer)     Turns: 1999, Time: 00:05:34

Health: -3/26      AC:  8    Str: 17    XL:     4   Next: 53%
Magic:  6/6        EV: 11    Int: 11    God:
Gold:   98         SH:  0    Dex: 10    Spells: 3/3 levels left

rFire    . . .     SeeInvis .   a - +0 short sword
rCold    . . .     Gourm    .   (no shield)
rNeg     + . .     Faith    .   k - +0 ring mail
rPois    ∞         Spirit   .   (no helmet)
rElec    +         Reflect  .   (no cloak)
rCorr    .         Harm     .   (no gloves)
MR       .....                  (no boots)
Stlth    +.........             (no amulet)
HPRegen  0.08/turn              (no ring)
MPRegen  0.10/turn              (no ring)

@: no status effects
A: negative energy resistance 1, electricity resistance, unbreathing,
petrification resistance, rot immunity, AC +3
a: no special abilities


You were on level 4 of the Dungeon.
You were not hungry.

You visited 1 branch of the dungeon, and saw 4 of its levels.

You collected 98 gold pieces.

Inventory:

Hand Weapons
 a - a +0 short sword (weapon)
Armour
 b - a +0 leather armour
 k - a +0 ring mail (worn)
Wands
 c - a wand of flame (15)
 d - a wand of enslavement (15)
 e - a wand of random effects (15)
Scrolls
 h - a scroll of enchant armour {unknown}
 j - a scroll of enchant weapon {unknown}
 l - 3 scrolls of remove curse {unknown}
 n - 3 scrolls of amnesia {unknown}
 o - a scroll of fear {unknown}
 p - a scroll of teleportation {unknown}
Potions
 g - a potion of invisibility {unknown}
 i - 2 potions of curing {unknown}
 m - a potion of cancellation {unknown}
 q - a potion of brilliance {unknown}
Comestibles
 f - 3 rations


   Skills:
 * Level 1.9 Fighting
 + Level 2.2 Short Blades
 - Level 0.2 Armour
 + Level 2.4 Dodging
 - Level 1.1 Stealth
 - Level 3.1 Evocations


You had 3 spell levels left.
You didn't know any spells.
Your spell library was empty.

Dungeon Overview and Level Annotations

Branches:
Dungeon (3/15)

Altars:
Nemelex Xobeh

Annotations:
D:4 Duvessa


Innate Abilities, Weirdness & Mutations

You are resistant to torment.
Your stone body is resilient. (AC +3)
You are immune to poison.
You resist negative energy. (rN+)
You are resistant to electric shocks. (rElec)
You can survive without breathing.
You are immune to petrification.
You are immune to rotting.


Message History

Duvessa hits you with a short sword.
* * * LOW HITPOINT WARNING * * *
You barely miss Duvessa.
Duvessa is moderately wounded.
Duvessa hits you with a short sword.
* * * LOW HITPOINT WARNING * * *
You hit Duvessa.
Duvessa is moderately wounded.
Duvessa says, "When magic and the sword combine, nothing stands against them."
Duvessa misses you.
You barely miss Duvessa.
Duvessa is moderately wounded.
Duvessa barely misses you.
You closely miss Duvessa.
Duvessa is moderately wounded.
Duvessa barely misses you.
You hit Duvessa.
Duvessa is moderately wounded.
Duvessa hits you with a short sword.
You die...

...# ... ..##
##... # ....#
#. #...#
#)###e..#
#...#@..####. #
#.......... +.
#..........
#.###.#########
#............
#####.#######
#... #####


You could see Duvessa.

Vanquished Creatures
  3 adders
  2 leopard geckos
  An orc (D:3)
  A ball python (D:2)
  6 bats
  5 giant cockroaches
  6 hobgoblins
  A quokka (D:3)
  3 frilled lizards
  7 goblins
  9 kobolds
  14 rats
58 creatures vanquished.

Notes
Turn   | Place    | Note
-------+----------+-------------------------------------------
     0 | D:1      | KillYourself the Gargoyle Artificer began the quest for the Orb.
     0 | D:1      | Reached XP level 1. HP: 12/12 MP: 2/2
    41 | D:1      | Reached skill level 3 in Evocations
    44 | D:1      | Reached XP level 2. HP: 15/16 MP: 2/4
   264 | D:1      | Reached skill level 1 in Short Blades
   545 | D:1      | Reached XP level 3. HP: 20/20 MP: 5/5
   787 | D:2      | Found a sparkling altar of Nemelex Xobeh.
  1151 | D:2      | Reached XP level 4. HP: 17/25 MP: 6/6
  1976 | D:3      | You fall through a shaft!
  1978 | D:4      | Noticed Duvessa
  1999 | D:4      | Slain by Duvessa

Vault maps used:
D:1:      lightli_arrival_boilingwater
D:2:      old_standard_altar, kennysheep_cross_bottleneck
D:3:      first_ration, kennysheep_cluttered_room, uniq_grinder
D:4:      uniq_duvessa

Skill      XL: |  1  2  3  4 |
---------------+-------------+-----
Evocations     | 3 |  3.1
Short Blades   | 1 2 |  2.2
Dodging        | 2 |  2.4
Fighting       | |  1.9
Armour         | |  0.2
Stealth        | |  1.1

Action                   |  1- 3 |  4- 6 || total
-------------------------+-------+-------++-------
Melee: Short sword       |   203 |   100 ||   303
  Eat: Chunk             |     1 |     3 ||     4
Armor: Leather armour    |    34 |       ||    34
       Ring mail         |    75 |    57 ||   132
Dodge: Dodged            |   129 |    68 ||   197

Table legend:
 A = Spawn XP
 B = Non-spawn XP
 C = Spawn XP percentage of total XP
 D = Spawn monster count
 E = Non-spawn monster count
 F = Spawn count percentage of total count
 G = Total turns spent on level
                    A         B        C        D         E        F      G
               +---------+---------+-------+---------+---------+-------+---------
         Total |       0 |     126 |   0.0 |       0 |      58 |   0.0 |  1999
               +---------+---------+-------+---------+---------+-------+---------
           D:1 |       0 |      38 |   0.0 |       0 |      27 |   0.0 |   686
           D:2 |       0 |      57 |   0.0 |       0 |      22 |   0.0 |   843
           D:3 |       0 |      31 |   0.0 |       0 |       9 |   0.0 |   447
               +---------+---------+-------+---------+---------+-------+---------
